 Dungeon Crawl Stone Soup version 0.17.0-24-gcfadda4 (console) character file.

20504 gw the Basher (level 12, -7/114 HPs)
             Began as a Deep Dwarf Berserker on Nov 15, 2015.
             Was a High Priest of Trog.
             Mangled by a death yak (15 damage)
             ... on level 3 of the Lair of Beasts.
             The game lasted 00:23:17 (14059 turns).

gw the Basher (Deep Dwarf Berserker)               Turns: 14059, Time: 00:23:17

Health: -7/114     AC: 21    Str: 21    XL:     12   Next: 45%
Magic:  0/0        EV:  8    Int:  9    God:    Trog [*****.]
Gold:   988        SH:  0    Dex: 18    Spells: 0 memorised, 11 levels left

rFire  + . .     SeeInvis .     a - +1 great mace
rCold  . . .     Clarity  .     u - +0 plate armour
rNeg   . . .     SustAt   .     (shield currently unavailable)
rPois  .         Gourm    .     p - +1 helmet
rElec  .         Spirit   .     (no cloak)
rCorr  .         Warding  .     (no gloves)
rMut   .         Stasis   .     (no boots)
MR     +++..                    (no amulet)
Stlth  ..........               h - ring of protection from fire
                                k - +3 ring of protection

@: about to teleport, very slightly contaminated, non-regenerating, hasted, very
quick, extremely resistant to hostile enchantments, extremely unstealthy
A: damage resistance, recharge devices, agile 1, sense surroundings 2, shaggy
fur 1, slow regeneration 3
a: Device Recharging, Berserk, Trog's Hand, Brothers in Arms, Burn Spellbooks,
Renounce Religion


You were on level 3 of the Lair of Beasts.
You worshipped Trog.
Trog was extremely pleased with you.
You were near starving.

You visited 2 branches of the dungeon, and saw 14 of its levels.

You collected 988 gold pieces.

Inventory:

Hand Weapons
 a - a +1 great mace (weapon)
 b - a +0 hand crossbow of electrocution
Armour
 p - a +1 helmet (worn)
 u - a +0 plate armour (worn)
Jewellery
 h - a ring of protection from fire (right hand)
 k - a +3 ring of protection (left hand)
Wands
 c - a wand of heal wounds (0)
 d - a wand of flame (10)
 i - a wand of polymorph (14)
 j - a wand of teleportation (4)
 o - a wand of slowing (34)
Scrolls
 e - 11 scrolls of identify
 f - 8 scrolls of remove curse
Potions
 g - 2 potions of brilliance
 l - 2 potions of beneficial mutation
 q - 2 potions of curing
 w - a potion of ambrosia
Comestibles
 m - 16 fruits
 r - 6 slices of pizza
 s - 5 meat rations
 v - 3 bread rations
 z - a royal jelly


   Skills:
 + Level 9.1 Fighting
 * Level 13.6 Maces & Flails
 + Level 4.5 Crossbows
 + Level 10.5 Armour
 - Level 2.1 Dodging
 + Level 9.8 Evocations


You had 11 spell levels left.
You didn't know any spells.

Dungeon Overview and Level Annotations

Branches:
Dungeon (11/15)            Temple (0/1) D:7            Lair (3/8) D:10
    Orc (0/4) D:9
  Swamp: Lair:3-6    Shoals: Lair:3-6     Snake: Lair:3-6    Spider: Lair:3-6

Altars:
Ashenzari
Dithmenos
Gozag
Kikubaaqudgha
Makhleb
Nemelex Xobeh
Okawaru
Ru
Sif Muna
The Shining One
Beogh

Shops:
D:4 (*   D:9 [

Annotations:
D:11 1 runed door
Lair:3 Maud


Innate Abilities, Weirdness & Mutations

You are resistant to damage.
You can recharge devices by infusing magical energy.
You passively map the area around you.
You do not regenerate naturally.
You are agile. (Dex +2)
You are covered in fur (AC +1).


Message History

The death yak gores you but does no damage.
Evoke which item? (* to show all) (? for menu, Esc to quit)
Zapping:
j - a wand of teleportation (5)
Press: ? - help, Shift-Dir - straight line, f - you You feel strangely unstable.
This wand has 4 charges left.
FLEEEEING!
Trying to move but square is occupied??
Stuck???
Cornered!!!
Making a random move You bludgeon the death yak!!
The death yak is almost dead.
Your two-headed ogre hits the death yak with a giant spiked club.
Your two-headed ogre hits the death yak with a giant club!
The death yak gores you. The death yak closely misses you.
MOVING TO (3,5)
You hit the death yak.
The death yak is almost dead.
Your two-headed ogre hits the death yak with a giant spiked club!!
The death yak dies!
Trog accepts your kill. The death yak gores you!!
You die...

* , ..#P..P..######### #...#.
*
.........#......#.######..#.#
*#.P...##.#.#.................
...........####...#.P#....##P
*##....P...## ##########.####
####.P#>#.# #..# ##.##.###
#..## # #......#### ##..###
#.....@YYg# #.#...
####%%###%###########...P.
#...#OY.P##............
##.............#..#.P...
#...........#...##.....<
###........P#.P######...
#...........## #.##
#......?..###, ####.##
##........## ,, .......


You could see Maud, 3 death yaks and a friendly two-headed ogre (berserk).

Table legend:
 A = Turns spent in this place as a percentage of turns spent in the entire game.
 B = Non-inter-level travel turns spent in this place as a percentage of non-inter-level travel turns spent in the entire game.
 C = Inter-level travel turns spent in this place as a percentage of turns spent in this place.
 D = Turns resting spent in this place as a percentage of non-inter-level travel turns spent in this place.
 E = Turns spent auto-exploring this place as a percentage of non-inter-level travel turns spent in this place.
 F = Non-inter-level travel turns spent in this place divided by the number of levels of this place that you've seen.
                   A       B       C       D       E      F
               +-------+-------+-------+-------+-------+----------------------
         Total | 100.0 | 100.0 |   0.3 |   0.2 |   1.7 | 2253.7
       Dungeon |  86.3 |  86.3 |   0.3 |   0.2 |   1.6 | 2474.6
          Lair |  13.7 |  13.7 |   0.4 |   0.2 |   2.1 | 1443.7
               +-------+-------+-------+-------+-------+----------------------

Table legend:
 A = Kills in this place as a percentage of kills in entire the game.
 B = Kills by you in this place as a percentage of kills by you in the entire game.
 C = Kills by friends in this place as a percentage of kills by friends in the entire game.
 D = Other kills in this place as a percentage of other kills in the entire game.
 E = Experience gained in this place as a percentage of experience gained in the entire game.
 F = Experience gained in this place divided by the number of levels of this place that you have seen.
                   A       B       C       D       E      F
               +-------+-------+-------+-------+-------+----------------------
         Total | 100.0 | 100.0 | 100.0 | 100.0 | 100.0 | 2092.3
       Dungeon |  86.9 |  87.5 |  25.0 | 100.0 |  60.3 | 1605.6
          Lair |  13.1 |  12.5 |  75.0 |   0.0 |  39.7 | 3876.7
               +-------+-------+-------+-------+-------+----------------------

Vanquished Creatures
  A hydra (D:8)
  The ghost of Mavenl the Spear-Bearer, a journeyman GrFi of Okawaru (D:10)
  Sonja (Lair:2)
  The ghost of zercules the Grappler, a novice TrWr of Cheibriados (D:8)
  An unseen horror (D:10)
  The ghost of gw the Cleaver, a novice DDBe of Trog (D:6)
  4 black mambas
  2 spiny frogs
  A komodo dragon (Lair:1)
  Prince Ribbit (D:7)
  5 blink frogs (Lair:2)
  2 hippogriffs
  19 yaks
  A wyvern (D:8)
  3 fire bats (Lair:1)
  8 humans (D:10)
  Menkaure (D:7)
  A steam dragon (D:11)
  5 porcupines
  3 water moccasins
  3 wargs (D:9)
  An ice beast (D:8)
  4 black bears
  7 orc warriors
  7 centaurs
  4 phantoms
  6 ogres
  3 crocodiles
  4 big kobolds
  5 giant frogs
  A gnoll sergeant (D:5)
  A wyvern skeleton (D:6)
  5 scorpions
  6 killer bees (D:7)
  13 wights
  A quasit (D:10)
  3 crimson imps
  A centaur zombie (D:10)
  3 giant frog zombies (D:7)
  4 orc priests
  3 hounds
  2 jellies
  2 giant frog skeletons
  5 gnoll shamans (D:5)
  3 iguanas
  3 orc wizards
  5 worker ants
  7 sheep
  A hound skeleton (D:7)
  10 adders
  35 gnolls (D:5)
  6 river rats (Lair:2)
  7 shadow imps
  2 oozes
  An adder skeleton (D:4)
  A worm (D:2)
  9 giant geckos
  54 orcs
  12 hobgoblins
  3 ball pythons
  7 bats
  4 giant cockroaches
  6 giant newts
  8 goblins
  18 jackals
  15 kobolds
  2 quokkas
  A quokka skeleton (D:4)
  9 rats
  A plant (D:5)
386 creatures vanquished.

Vanquished Creatures (collateral kills)
  3 death yaks (Lair:3)
  A big kobold (D:8)
4 creatures vanquished.

Vanquished Creatures (others)
  An orc wizard (D:5)
  A gnoll (D:5)
  2 fungi
  2 plants
6 creatures vanquished.

Grand Total: 396 creatures vanquished

Notes
Turn   | Place    | Note
--------------------------------------------------------------
     0 | D:1      | gw the Deep Dwarf Berserker began the quest for the Orb.
     0 | D:1      | Reached XP level 1. HP: 20/20 MP: 1/1
   360 | D:1      | Reached XP level 2. HP: 21/27 MP: 2/2
   495 | D:1      | Reached skill level 1 in Evocations
   934 | D:1      | Gained mutation: You evolve. [potion of beneficial mutation]
   996 | D:2      | Reached XP level 3. HP: 31/33 MP: 2/4
  1008 | D:2      | Reached ** piety under Trog
  1287 | D:2      | Reached XP level 4. HP: 28/42 MP: 5/5
  1319 | D:2      | Reached skill level 4 in Maces & Flails
  1430 | D:2      | Gained mutation: You expend magic power (3 MP) to strengthen your wands. [evolution]
  1567 | D:2      | Found a shadowy altar of Dithmenos.
  1567 | D:2      | Found an iron altar of Okawaru.
  1567 | D:2      | Found a shattered altar of Ashenzari.
  1570 | D:2      | Found a sparkling altar of Nemelex Xobeh.
  1602 | D:2      | Lost mutation: You evolve. [potion of cure mutation]
  1602 | D:2      | Lost mutation: You expend magic power (3 MP) to strengthen your wands. [potion of cure mutation]
  1697 | D:3      | Found an ancient bone altar of Kikubaaqudgha.
  1857 | D:3      | Found an opulent altar of Gozag.
  1962 | D:3      | Reached XP level 5. HP: 25/49 MP: 6/6
  2424 | D:3      | Reached skill level 5 in Maces & Flails
  2509 | D:4      | Found Lotzooj's Weapon Shop.
  2554 | D:4      | Reached *** piety under Trog
  2708 | D:4      | Noticed an orc warrior
  2726 | D:4      | Reached XP level 6. HP: 45/57 MP: 7/7
  2732 | D:4      | Killed an orc warrior
  2830 | D:4      | Noticed a phantom
  2847 | D:4      | Killed a phantom
  3001 | D:4      | Found Gilomn's Elemental Accessories.
  3422 | D:5      | Entered Level 5 of the Dungeon
  3433 | D:5      | Reached XP level 7. HP: 38/64 MP: 7/7
  3473 | D:5      | Reached skill level 6 in Maces & Flails
  4219 | D:5      | Reached skill level 5 in Armour
  4575 | D:5      | Reached skill level 7 in Maces & Flails
  4576 | D:5      | Noticed a water moccasin
  4579 | D:5      | Reached XP level 8. HP: 70/73 MP: 6/6
  4587 | D:5      | Killed a water moccasin
  4587 | D:5      | Reached skill level 5 in Fighting
  4629 | D:5      | Reached **** piety under Trog
  4934 | D:5      | HP: 3/74 [orc priest/divine providence (9)]
  4936 | D:5      | HP: 1/74 [gnoll/spear (4)]
  4949 | D:5      | Reached skill level 8 in Maces & Flails
  5775 | D:6      | Found a burning altar of Makhleb.
  5900 | D:6      | Noticed gw's ghost (novice DDBe)
  5922 | D:6      | Killed gw's ghost
  5922 | D:6      | Reached skill level 9 in Maces & Flails
  5922 | D:6      | Gained mutation: You passively map the area around you. [Deep Dwarf growth]
  5922 | D:6      | Reached XP level 9. HP: 79/82 MP: 2/2
  5927 | D:6      | Reached skill level 5 in Evocations
  6427 | D:6      | Found a sacrificial altar of Ru.
  6575 | D:7      | Noticed Prince Ribbit
  6604 | D:7      | Killed Prince Ribbit
  6790 | D:7      | Noticed Menkaure
  6802 | D:7      | Killed Menkaure
  6881 | D:7      | Reached skill level 10 in Maces & Flails
  6891 | D:7      | Reached ***** piety under Trog
  7079 | D:7      | Found a staircase to the Ecumenical Temple.
  7471 | D:7      | Reached XP level 10. HP: 69/92 MP: 3/3
  7534 | D:8      | Noticed zercules's ghost (novice TrWr)
  7553 | D:8      | Killed zercules's ghost
  8242 | D:8      | Noticed a three-headed hydra
  8252 | D:8      | Killed a three-headed hydra
  8252 | D:8      | Reached skill level 11 in Maces & Flails
  8674 | D:9      | Found Irphotyme's Antique Armour Shop.
  8716 | D:9      | Found a staircase to the Orcish Mines.
  8953 | D:9      | Gained mutation: You are agile. (Dex +2) [potion of mutation]
  8953 | D:9      | Gained mutation: You are covered in fur (AC +1). [potion of mutation]
  8984 | D:10     | Entered Level 10 of the Dungeon
  8993 | D:10     | Found a staircase to the Lair.
  9067 | D:10     | Reached XP level 11. HP: 62/102 MP: 4/4
  9217 | D:10     | Noticed Mavenl's ghost (journeyman GrFi)
  9230 | D:10     | Killed Mavenl's ghost
  9230 | D:10     | Reached skill level 12 in Maces & Flails
  9450 | D:10     | Killed an unseen horror
  9587 | D:10     | Received a gift from Trog
  9628 | D:10     | Found a roughly hewn altar of Beogh.
  9897 | D:10     | Found a deep blue altar of Sif Muna.
 10067 | D:11     | Found a glowing golden altar of the Shining One.
 10067 | D:11     | Found a runed door.
 10067 | D:11     | Noticed an angel
 10357 | D:11     | Reached skill level 1 in Crossbows
 10924 | D:11     | Identified a scroll of acquirement
 11145 | Lair:1   | Entered Level 1 of the Lair of Beasts
 11586 | Lair:1   | Reached skill level 10 in Armour
 11833 | Lair:1   | Found a dark tunnel.
 12139 | Lair:1   | Reached skill level 13 in Maces & Flails
 12139 | Lair:1   | Reached XP level 12. HP: 68/112 MP: 1/1
 12449 | Lair:2   | Noticed Sonja
 12474 | Lair:2   | Killed Sonja
 14031 | Lair:3   | Noticed Maud
 14059 | Lair:3   | Mangled by a death yak

Action                   |  1- 3 |  4- 6 |  7- 9 | 10-12 || total
-------------------------+-------+-------+-------+-------++-------
Melee: Mace              |   150 |    61 |       |       ||   211
       Dire flail        |       |   117 |   609 |   156 ||   882
       Great mace        |       |       |       |   582 ||   582
 Fire: Hand crossbow     |       |       |       |    65 ||    65
Invok: Trog's Hand       |       |     1 |     7 |     9 ||    17
       Berserk           |       |     1 |     6 |     7 ||    14
       Brothers in Arms  |       |       |       |     4 ||     4
 Abil: Device Recharging |       |     1 |    10 |     8 ||    19
Evoke: Wand              |     3 |     3 |    41 |    48 ||    95
  Use: Potion            |     4 |     4 |     2 |    10 ||    20
       Scroll            |     2 |     4 |     4 |    10 ||    20
  Eat: Chunk             |     2 |     5 |     5 |    28 ||    40
       Bread ration      |       |     1 |     3 |       ||     4
       Meat ration       |       |       |     1 |       ||     1
       Fruit             |       |       |       |     2 ||     2

Vault maps used:
D:1:      evilmike_arrival_sounds_zot
D:2:      minitemple, grunt_decor_fettered
D:3:      grunt_gozag_statues, kiku_gazebo_garden_becter, st_stairs_5,
          kennysheep_pointless_box
D:4:      serial_shops, nicolae_shop_trees, nicolae_elemental_shop
D:5:      lemuel_castle_with_subvaults, first_bread
D:6:      lightli_temple_of_fire, nicolae_ru_path_of_blood
D:7:      minmay_temple_entry_nine_rooms, uniq_prince_ribbit1, uniq_menkaure
D:8:      hangedman_ranch, grunt_ministairs_14
D:9:      minmay_orc_entry_guard_dogs, serial_shops, nicolae_shop_behind_doors,
          minmay_misc_feat_rows
D:10:     erik_1, lair_0_dummy, basic_altar, special_room, lightli_orcish_oven
D:11:     minmay_misc_feat_alley, lemuel_angel_altar
Lair:1:   nicolae_volcano_entry_batcave, fungi_pond_lemuel
Lair:2:   serial_forest, infiniplex_forest_lined_3,
          infiniplex_forest_clump_small, infiniplex_forest_clump_cross,
          infiniplex_forest_clump_tiny, infiniplex_forest_join,
          infiniplex_forest_lined_room_3, infiniplex_forest_end_2,
          infiniplex_forest_lined_corner, bh_autumn_forest_stairs, uniq_sonja
Lair:3:   uniq_maud
